 Dungeon Crawl Stone Soup version 0.28-a0-620-g539b0f7ac7 (webtiles) character file.

Game seed: 15087512330120074136

15 meatgazer the Insei (level 2, -3/23 HPs)
             Began as a Gnoll Wanderer on Oct 6, 2021.
             Was a Believer of Jiyva.
             Succumbed to an orc's poison
             ... on level 2 of the Dungeon.
             The game lasted 00:04:01 (2402 turns).

meatgazer the Insei (Gnoll Wanderer)                Turns: 2402, Time: 00:04:02

Health: -3/23      AC:  2    Str: 11    XL:     2   Next: 50%
Magic:  2/2        EV: 12    Int:  8    God:    Jiyva [**....]
Gold:   43         SH:  0    Dex: 14    Spells: 1/1 levels left

rFire   . . .      SeeInvis .     - Unarmed
rCold   . . .      Faith    .   (no shield)
rNeg    . . .      Spirit   .   e - +0 robe
rPois   .          Reflect  .   (no helmet)
rElec   .          Harm     .   (no cloak)
rCorr   .          Rampage  .   (no gloves)
Will    .....                   (no boots)
Stlth   ++........              (no amulet)
HPRegen 0.07/turn               (no ring)
MPRegen 0.08/turn               (no ring)

@: lethally poisoned (-3 -> -28)
A: fangs 1, strong nose, distributed training
a: Renounce Religion, Request Jelly


You were on level 2 of the Dungeon.
You worshipped Jiyva.
Jiyva was pleased with you.
You visited 1 branch of the dungeon, and saw 3 of its levels.

You collected 43 gold pieces.

Inventory:

Armour
 e - a +0 robe (worn)


   Skills:
 + Level 2.5 Fighting
 + Level 0.4 Short Blades
 + Level 0.4 Long Blades
 + Level 0.4 Axes
 + Level 0.4 Maces & Flails
 + Level 0.4 Polearms
 + Level 4.5 Staves
 + Level 0.4 Slings
 + Level 0.4 Bows
 + Level 0.4 Crossbows
 + Level 2.5 Throwing
 + Level 0.4 Armour
 + Level 2.5 Dodging
 + Level 2.2 Stealth
 + Level 2.5 Shields
 + Level 6.5 Unarmed Combat
 + Level 0.4 Spellcasting
 + Level 0.2 Conjurations
 + Level 0.2 Hexes
 + Level 0.2 Summonings
 + Level 0.2 Necromancy
 + Level 0.2 Translocations
 + Level 0.2 Transmutations
 + Level 0.2 Fire Magic
 + Level 0.2 Ice Magic
 + Level 0.2 Air Magic
 + Level 0.2 Earth Magic
 + Level 0.2 Poison Magic
 + Level 0.5 Invocations
 + Level 0.4 Evocations


You had one spell level left.
You didn't know any spells.
Your spell library was empty.

Dungeon Overview and Level Annotations

Branches:
Dungeon (3/15)

Altars:
Jiyva


Innate Abilities, Weirdness & Mutations

You have very sharp teeth.
Your uncanny sense of smell can sniff out nearby items.
Your experience applies equally to all skills.


Message History

Jiyva says: Divide and consume!
You start resting.
HP restored.
You start waiting.
Done waiting.
Drop what? 2/52 slots (_ for help) (? for menu, Esc to quit)
You are now empty-handed.
You drop a +0 dagger.
You start waiting.
You hear a slurping noise.
Done waiting.
You start waiting.
Jiyva gurgles merrily.
Done waiting.
You start waiting.
Done waiting.
You start waiting.
Done waiting.
There is a stone staircase leading down, spattered with blood here.
You climb downwards.
The orc hits you with a +2 dagger of venom.
You are poisoned.
The orc hits you with a +2 dagger of venom.
There is a stone staircase leading up here.
You feel very sick.
The orc hits you with a +2 dagger of venom.
You are lethally poisoned!
You climb upwards.
You feel very sick.
There is a stone staircase leading down, spattered with blood here.
You hit the orc.
The orc is severely wounded.
* * * LOW HITPOINT WARNING * * *
You feel very sick.
The orc hits you with a +2 dagger of venom.
* * * LOW HITPOINT WARNING * * *
You are more poisoned.
You aren't carrying any potions.
You hit the orc but do no damage.
The orc is severely wounded.
You die...

##.##.# #.# ##.#
#....# #.#
#####.#. ####.#
#.# #....### #.#
#<####.###.#.
#.# #......#
##.# #.#
#####..# #.# #.#
#..# #.#
#.########
#..####.#
#.....@o.#
#..##...#
########.#
#..##.### #.#
#..##....
#.######..#...##
#.............J.
#..########...##
#..# ####.###
#..# #.......
#..# #.#####J


You could see an orc.

Vanquished Creatures
  An orc (D:2)
  A ball python (D:1)
  A bat (D:2)
  2 goblins
  3 hobgoblins
  A quokka (D:2)
  A frilled lizard (D:1)
  2 kobolds (D:1)
12 creatures vanquished.

Vanquished Creatures (others)
  A dart slug (D:1)
  2 bats (D:1)
  An endoplasm (D:2)
  3 giant cockroaches (D:1)
  A goblin (D:1)
  6 hobgoblins
  A kobold (D:1)
  A quokka (D:1)
  2 ball pythons
  A frilled lizard (D:1)
  A rat (D:1)
20 creatures vanquished.

Grand Total: 32 creatures vanquished

Notes
Turn   | Place    | Note
-------+----------+-------------------------------------------
     0 | D:1      | meatgazer the Gnoll Wanderer began the quest for the Orb.
     0 | D:1      | meatgazer set off with the following items: a +2 dagger, a
                  | curare-tipped dart, a potion of curing, a potion of
                  | lignification, a +0 robe
     0 | D:1      | Reached XP level 1. HP: 17/17 MP: 1/1
    39 | D:1      | Found a faded altar of an unknown god.
    69 | D:1      | Became a worshipper of Jiyva Jedaec the Shapeless
    69 | D:1      | Reached * piety under Jiyva
   233 | D:1      | Reached ** piety under Jiyva
   827 | D:2      | Reached XP level 2. HP: 17/23 MP: 2/2
  2401 | D:2      | HP: 1/23 [orc (4)]
  2402 | D:2      | Succumbed to an orc's poison

Illustrated notes

Levels and vault maps discovered:
D:1:      eino_arrival_cavern_e, layout_basic, shapermc_ecumenical_altar_venn,
          hangedman_decor_growths, hangedman_abyss_or_decor_lesser_grid,
          minmay_close_crescents
D:2:      layout_loops_ring, chequers_serial_rivers_micro_b
D:3:      layout_basic, uniq_ijyb

Action                   || total
-------------------------++-------
Melee: Unarmed           ||    43
       Dagger            ||    12
       Pseudopods        ||     5
       Bite              ||     2
Armor: Robe              ||    21
Dodge: Dodged            ||    36

Table legend: (Time is in decaauts)
 A = Elapsed time spent in this place.
 B = Non-inter-level travel time spent in this place.
 C = Inter-level travel time spent in this place.
 D = Time resting spent in this place.
 E = Time spent auto-exploring this place.
 F = Levels seen in this place.
 G = Mean time per level.
                   A        B        C        D        E       F      G
               +--------+--------+--------+--------+--------+-----+--------+
         Total |   2397 |   2367 |     30 |    942 |   1209 |   3 |  799.0 |
       Dungeon |   2397 |   2367 |     30 |    942 |   1209 |   3 |  799.0 |
               +--------+--------+--------+--------+--------+-----+--------+

Top non-repeatable levels by time:
     D:2: 1583 daAuts
     D:1: 805 daAuts
     D:3: 8 daAuts
